 Dungeon Crawl Stone Soup version 0.19-a0-944-gb338e1e (webtiles) character file.

1724 Kold the Carver (level 8, -2/58 HPs)
             Began as a Demonspawn Berserker on July 10, 2016.
             Was an Elder of Trog.
             Slain by an orc warrior
             ... wielding a +0 short sword
              (17 damage)
             ... on level 6 of the Dungeon.
             The game lasted 00:13:42 (5796 turns).

Kold the Carver (Demonspawn Berserker)              Turns: 5796, Time: 00:13:43

Health: -2/58      AC:  5    Str: 17    XL:     8   Next: 75%
Magic:  0/8        EV: 14    Int:  9    God:    Trog [****..]
Gold:   305        SH:  0    Dex: 15    Spells: 0 memorised, 7 levels left

rFire  . . .     SeeInvis .     a - +0 falchion
rCold  . . .     Gourm    .     n - +2 leather armour {rPois}
rNeg   . . .     Faith    .     (no shield)
rPois  +         Spirit   +     (no helmet)
rElec  .         Dismiss  .     (no cloak)
rCorr  +         Reflect  .     (no gloves)
SustAt .         Harm     .     (no boots)
MR     ++...                    s - amulet of magic regeneration
Stlth  ++........               g - ring of resist corrosion
                                d - ring of poison resistance

@: exhausted, regenerating, slowed, very slow, very resistant to hostile
enchantments, unstealthy
A: repulsion field 1, nightstalker 1, magic shield
a: Berserk, Trog's Hand, Brothers in Arms, Burn Spellbooks, Renounce Religion


You were on level 6 of the Dungeon.
You worshipped Trog.
Trog was greatly pleased with you.
You were not hungry.

You visited 2 branches of the dungeon, and saw 7 of its levels.
You also visited: Sewer.

You collected 305 gold pieces.

Inventory:

Hand Weapons
 a - a +0 falchion (weapon)
Armour
 b - a +0 animal skin
 c - a +1 robe of positive energy
 n - a +2 leather armour of poison resistance (worn)
 t - a +2 helmet
Jewellery
 d - a ring of poison resistance (left hand)
 g - a ring of resist corrosion (right hand)
 s - an amulet of magic regeneration (around neck)
Wands
 D - a wand of acid (6/15)
Scrolls
 f - 3 scrolls of teleportation {unknown}
 m - 2 scrolls of blinking {unknown}
 r - 3 scrolls of recharging
 u - a scroll of fog {unknown}
 v - 3 scrolls of magic mapping {unknown}
 y - a scroll of remove curse
 z - 2 scrolls of enchant armour {unknown}
 A - a scroll of fear {unknown}
 C - a scroll of identify
Potions
 e - a potion of curing
 h - 3 potions of magic {unknown}
 l - a potion of mutation {unknown}
 o - 3 potions of heal wounds
 p - a potion of flight {unknown}
 q - 2 potions of brilliance {unknown}
 w - 2 potions of haste
 x - a potion of degeneration {unknown}
Comestibles
 i - a royal jelly
 j - 6 meat rations
 k - 2 beef jerkies


   Skills:
 - Level 3.0 Fighting
 + Level 10.6 Long Blades
 - Level 1.7 Armour
 - Level 1.7 Dodging


You had 7 spell levels left.
You didn't know any spells.

Dungeon Overview and Level Annotations

Branches:
Dungeon (6/15)             Temple (1/1) D:4

Altars:
Ashenzari
Cheibriados
Elyvilon
Gozag
Hepliaklqana
Kikubaaqudgha
Makhleb
Okawaru
Sif Muna
Uskayaw
Zin

Annotations:
D:3 Sigmund


Innate Abilities, Weirdness & Mutations

You are surrounded by a mild repulsion field. (EV +2)
You are slightly more attuned to the shadows.
When hurt, damage is shared between your health and your magic reserves.


Message History

You completely miss the orc warrior.
The orc warrior is heavily wounded.
The orc warrior hits you with a short sword!
You hit the orc warrior but do no damage.
The orc warrior is heavily wounded.
The orc warrior misses you.
You hit the orc warrior but do no damage.
The orc warrior is heavily wounded.
The orc warrior hits you with a short sword!
* * * LOW HITPOINT WARNING * * *
The orc warrior hits you with a short sword!
* * * LOW HITPOINT WARNING * * *
Okay, then.
You feel much better.
The orc warrior hits you with a short sword!
* * * LOW HITPOINT WARNING * * *
You're too exhausted to go berserk.
You fail to use your ability.
The orc warrior hits you with a short sword!
You die...

#####.########
#.........# #.###.###.#
##+## #.###.## ##...##
#......# ##.....##
###.#..###.....>.##
##.....[........<.###
###...o..).)........'..
......@).##.........###
#####.##.##........##
#. ..##.#.....##
#..####.##...## #..
#.###+## #. #.# ..


You could see an orc warrior.

Vanquished Creatures
  Pikel (D:4)
  The ghost of subsebi the Chopper, an amateur DsCK of Xom (D:3)
  An ice beast (D:5)
  An ogre (D:6)
  A centaur (D:5)
  2 giant frogs (Sewer)
  2 scorpions (D:4)
  A crimson imp (D:5)
  2 hounds
  An orc priest (D:6)
  An orc wizard (D:5)
  A jelly (D:3)
  3 worker ants
  A killer bee zombie (D:5)
  A worker ant zombie (D:6)
  10 adders
  5 river rats (Sewer)
  3 oozes
  2 worms (D:2)
  8 dart slugs
  3 giant geckos
  16 orcs
  12 ball pythons (Sewer)
  4 giant cockroaches
  8 goblins
  9 hobgoblins
  14 jackals
  2 quokkas (D:2)
  10 bats
  6 giant newts
  5 kobolds
  30 rats
167 creatures vanquished.

Vanquished Creatures (others)
  A slave (D:4)
  A giant frog skeleton (D:4)
  3 orc wizards (D:4)
  2 orcs (D:4)
  2 giant cockroaches (D:4)
  A jackal (D:4)
10 creatures vanquished.

Grand Total: 177 creatures vanquished

Notes
Turn   | Place    | Note
-------+----------+-------------------------------------------
     0 | D:1      | Kold the Demonspawn Berserker began the quest for the Orb.
     0 | D:1      | Reached XP level 1. HP: 18/18 MP: 1/1
    33 | D:1      | Reached skill level 3 in Long Blades
    53 | D:1      | Gained mutation: You are surrounded by a mild repulsion field. (EV +2) [demonic ancestry]
    53 | D:1      | Reached XP level 2. HP: 21/24 MP: 2/2
   397 | D:1      | Reached ** piety under Trog
   450 | D:1      | Reached XP level 3. HP: 29/29 MP: 3/3
   571 | D:1      | Reached skill level 4 in Long Blades
   991 | D:2      | Found a hazy altar of Hepliaklqana.
   991 | D:2      | Found a burning altar of Makhleb.
   993 | D:2      | Found a glowing silver altar of Zin.
  1101 | D:2      | Found an iron altar of Okawaru.
  1101 | D:2      | Found a hide-covered altar of Uskayaw.
  1101 | D:2      | Found a shattered altar of Ashenzari.
  1101 | D:2      | Found a white marble altar of Elyvilon.
  1102 | D:2      | Found a deep blue altar of Sif Muna.
  1104 | D:2      | Found a snail-covered altar of Cheibriados.
  1105 | D:2      | Found an ancient bone altar of Kikubaaqudgha.
  1106 | D:2      | Found an opulent altar of Gozag.
  1284 | D:2      | Gained mutation: When hurt, damage is shared between your health and your magic reserves. [demonic ancestry]
  1284 | D:2      | Reached XP level 4. HP: 19/35 MP: 4/4
  1510 | D:2      | Reached *** piety under Trog
  1593 | D:3      | Noticed Sigmund
  1962 | D:3      | Noticed subsebi's ghost (amateur DsCK)
  1989 | D:3      | Killed subsebi's ghost
  1989 | D:3      | Reached skill level 5 in Long Blades
  1989 | D:3      | Reached XP level 5. HP: 16/41 MP: 2/5
  2034 | D:3      | Reached skill level 6 in Long Blades
  2053 | D:3      | Found a glowing drain.
  2064 | Sewer    | Entered a sewer
  2107 | Sewer    | Gained mutation: You are slightly more attuned to the shadows. [demonic ancestry]
  2107 | Sewer    | Reached XP level 6. HP: 28/47 MP: 4/6
  2650 | Sewer    | Reached **** piety under Trog
  2810 | Sewer    | Reached skill level 7 in Long Blades
  2828 | Sewer    | HP: 1/47 [giant frog (4)]
  2848 | Sewer    | Reached XP level 7. HP: 26/52 MP: 2/7
  3131 | D:3      | HP: 1/78 [acid (7)]
  3441 | D:4      | Noticed Pikel
  3453 | D:4      | Killed Pikel
  3453 | D:4      | Reached skill level 9 in Long Blades
  3453 | D:4      | Reached XP level 8. HP: 25/58 MP: 3/8
  4197 | D:4      | Found a staircase to the Ecumenical Temple.
  4205 | Temple   | Entered the Ecumenical Temple
  4524 | D:5      | Entered Level 5 of the Dungeon
  5000 | D:5      | Reached skill level 10 in Long Blades
  5299 | D:5      | Found an opulent altar of Gozag.
  5794 | D:6      | HP: 1/58 [orc warrior/short sword (15)]
  5796 | D:6      | Slain by an orc warrior

Vault maps used:
D:1:      roderic_dead_forest
D:2:      minitemple
D:3:      portal_sewer_entry_d, uniq_sigmund
D:4:      first_bread, uniq_pikel
D:5:      basic_altar
D:6:      minmay_misc_feat_roman, uniq_grinder, uniq_crazy_yiuf_cottage
Temple:   grunt_temple_mini_profane
Sewer:    sewer_minmay_w

Skill      XL: |  1  2  3  4  5  6  7  8 |
---------------+-------------------------+-----
Long Blades    | 3 4 5 6 7 9 10 | 10.6
Fighting       | |  3.0
Armour         | |  1.7
Dodging        | |  1.7

Action                   |  1- 3 |  4- 6 |  7- 9 || total
-------------------------+-------+-------+-------++-------
Melee: Falchion          |   186 |   352 |   326 ||   864
Invok: Trog's Hand       |     1 |     4 |     2 ||     7
       Berserk           |       |     3 |     4 ||     7
  Use: Scroll            |       |     3 |       ||     3
       Potion            |       |     3 |     2 ||     5
 Stab: Sleeping          |       |     1 |     4 ||     5
  Eat: Chunk             |     2 |     4 |     8 ||    14
       Bread ration      |       |     1 |     2 ||     3
Armor: Animal skin       |    13 |       |       ||    13
       Leather armour    |    12 |   114 |    44 ||   170
Dodge: Dodged            |   114 |   308 |   138 ||   560
